 Dungeon Crawl Stone Soup version 0.25-a0-578-gc91f01c39c (webtiles) character file.

Game seed: 4459872060613445161, levelgen mode: deterministic

17110 Flugslaktarn the Cleaver (level 12, -1/111 HPs)
             Began as a Deep Dwarf Fighter on Mar 4, 2020.
             Was a High Priest of Makhleb.
             Slain by a white ugly thing (31 damage)
             ... on level 12 of the Dungeon.
             The game lasted 00:05:18 (7120 turns).

Flugslaktarn the Cleaver (Deep Dwarf Fighter)       Turns: 7120, Time: 00:05:19

Health: -1/111     AC: 17    Str: 20    XL:     12   Next: 16%
Magic:  7/7        EV:  7    Int: 14    God:    Makhleb [*****.]
Gold:   561        SH: 13    Dex: 13    Spells: 11/11 levels left

rFire    . . .     SeeInvis .   a - +1 war axe
rCold    . . .     Gourm    .   c - +1 kite shield
rNeg     . . .     Faith    +   H - +1 chain mail of Doytwoed {MR+++ Regen+ Str-4 Dex-2} (curse)
rPois    .         Spirit   .   (no helmet)
rElec    .         Reflect  .   k - +3 cloak of the Hart {MR+ Int+4 Dex+3 Slay+2}
rCorr    .         Harm     .   (no gloves)
MR       +++++                  (no boots)
Stlth    ..........             B - amulet of faith
HPRegen  0.00/turn              (no ring)
MPRegen  0.10/turn              (no ring)

@: non-regenerating, studying Armour, lightly drained
A: damage resistance, heal wounds, sense surroundings 2, no regeneration
a: Heal Wounds, Minor Destruction, Lesser Servant of Makhleb, Major Destruction,
Greater Servant of Makhleb, Renounce Religion


You were on level 12 of the Dungeon.
You worshipped Makhleb.
Makhleb was extremely pleased with you.
You were hungry.

You visited 2 branches of the dungeon, and saw 13 of its levels.

You collected 836 gold pieces.
You spent 275 gold pieces at shops.

Inventory:

Hand Weapons
 a - a +1 war axe (weapon)
 I - a +2 falchion of distortion
   (You took it off an orc priest on level 10 of the Dungeon)
Missiles
 y - a throwing net (quivered)
Armour
 b - a +0 scale mail
 c - a +1 kite shield (worn)
 g - a scarf of spirit shield
   (You found it on level 6 of the Dungeon)
 j - a scarf of resistance
   (You found it on level 2 of the Dungeon)
 k - the +3 cloak of the Hart (worn) {MR+ Int+4 Dex+3 Slay+2}
   (You found it on level 6 of the Dungeon)

   It affects your intelligence (+4).
   It affects your dexterity (+3).
   It affects your accuracy and damage with ranged weapons and melee attacks
   (+2).
   It affects your resistance to hostile enchantments.
   If you remove this armour, your AC will decrease by 4 (17 -> 13).
 m - a +0 cloak
   (You found it on level 4 of the Dungeon)
 u - a +0 chain mail
   (You took it off an orc warrior on level 9 of the Dungeon)
 H - the cursed +1 chain mail of Doytwoed (worn) {MR+++ Regen+ Str-4 Dex-2}
   (You bought it in a shop on level 10 of the Dungeon)

   It affects your strength (-4).
   It affects your dexterity (-2).
   It affects your resistance to hostile enchantments.
   It increases your rate of regeneration.
   If you remove this armour, your AC will decrease by 13 (17 -> 4).
   It has a curse placed upon it.
Jewellery
 f - an uncursed ring of protection from cold {unknown}
   (You found it on level 4 of the Dungeon)
 n - a cursed ring of ice
   (You found it on level 4 of the Dungeon)
 B - an amulet of faith (around neck)
   (You found it on level 7 of the Dungeon)
 E - an uncursed ring of protection from cold {unknown}
   (You found it on level 10 of the Dungeon)
Wands
 v - a wand of digging (6)
   (You found it on level 5 of the Dungeon)
 G - a wand of iceblast (8)
   (You found it on level 10 of the Dungeon)
Scrolls
 i - a scroll of amnesia {unknown}
 l - 2 scrolls of enchant armour
 p - a scroll of blinking {unknown}
 r - 3 scrolls of identify
 t - 5 scrolls of teleportation
 x - 7 scrolls of remove curse
 C - a scroll of enchant weapon
 J - 2 scrolls of magic mapping {unknown}
 K - a scroll of silence {unknown}
Potions
 d - a potion of might
 h - 2 potions of lignification
 o - 4 potions of brilliance
 q - 6 potions of curing
 s - a potion of stabbing
 w - 3 potions of heal wounds
 z - a potion of invisibility
 D - a potion of haste {unknown}
 F - a potion of cancellation {unknown}
Books
 A - a manual of Armour
   (You found it on level 5 of the Dungeon)
Comestibles
 e - 29 rations


   Skills:
 + Level 8.3(8.1) Fighting
 * Level 13.0(12.7) Axes
 + Level 12.1(11.8) Armour
 + Level 9.8(9.6) Shields
 + Level 9.1(8.8) Invocations


You had 11 spell levels left.
You didn't know any spells.
Your spell library was empty.

Dungeon Overview and Level Annotations

Branches:
Dungeon (12/15)            Temple (1/1) D:5            Lair (0/6) D:9
    Orc: D:9-12

Altars:
Ashenzari
Cheibriados
Dithmenos
Fedhas
Gozag
Hepliaklqana
Kikubaaqudgha
Makhleb
Nemelex Xobeh
Okawaru
Qazlal
Ru
Sif Muna
Trog
Uskayaw
Vehumet
Wu Jian
Xom
Yredelemnul
Zin
The Shining One

Shops:
D:10 [   D:11 [

Portals:
Trove: D:11 (give horn of Geryon)

Annotations:
D:8 1 runed translucent door, Baboonidas's ghost, novice KoGl


Innate Abilities, Weirdness & Mutations

You are resistant to damage.
You can heal yourself by infusing magical energy.
You passively map the area around you.
You do not regenerate.


Message History

* * * LOW HITPOINT WARNING * * *
The white ugly thing bites you but does no damage.
You block the two-headed ogre's attack. x2
The ogre hits you with a +0 giant club.
You fail to use your ability.
You block the wight's attack. The white ugly thing bites you.
* * * LOW HITPOINT WARNING * * *
The white ugly thing freezes you!
* * * LOW HITPOINT WARNING * * *
Your magical essence is drained by the effort!
You feel much better. The white ugly thing barely misses you.
Evoke which item? (* to show all) (? for menu, Esc to quit)
Okay, then.
Your magical essence is drained by the effort!
You feel much better. The white ugly thing bites you.
The white ugly thing freezes you!! The wight barely misses you.
A demon appears!
The white ugly thing bites you.
* * * LOW HITPOINT WARNING * * *
The white ugly thing freezes you!!
You die...

).................#
))................#
/..)))............#
...).).....†......#
...))).[).)†).....#
.......).......oOo#
####..##########Oz#
#.†## #u4# **#..†#
#@.# .....)†..# *
#..# .............
...# ......_......
....#
..o......#######..#
.......... ...#
........... ,...#
...[........ , ...#
, ,, , ,*


You could see a white ugly thing, a two-headed ogre, an orc warrior, an ogre, a
wight, an orc and a friendly hellwing.

Vanquished Creatures
  Harold (D:9)
  Erica (D:9)
  4 two-headed ogres
  An unseen horror (D:11)
  Pikel (D:5)
  3 ugly things
  A centaur zombie (D:11)
  4 trolls
  Grinder (D:5)
  A hippogriff (D:12)
  A meliai zombie (D:11)
  15 yaks
  A wyvern (D:9)
  A spriggan (D:7)
  A steam dragon (D:9)
  A hungry ghost (D:10)
  A water moccasin (D:12)
  6 orc warriors
  4 slaves (D:5)
  An ice beast (D:9)
  A hornet zombie (D:10)
  3 necrophages
  2 phantoms
  2 black bears
  4 sky beasts
  6 ogres
  4 centaurs
  A crocodile (D:12)
  A big kobold (D:10)
  12 bullfrogs
  8 scorpions
  A killer bee (D:11)
  2 wights
  An electric eel (D:12)
  5 crimson imps
  4 howler monkeys
  A bullfrog zombie (D:12)
  A quasit (D:5)
  6 jellies
  A bullfrog skeleton (D:12)
  6 orc priests
  3 centaur skeletons
  8 hounds
  5 iguanas
  16 orc wizards
  7 worker ants
  A hound zombie (D:5)
  3 hound skeletons
  2 worker ant zombies
  8 adders
  3 gnolls (D:4)
  3 shadow imps
  2 adder zombies
  An adder skeleton (D:8)
  A dart slug (D:1)
  6 leopard geckos
  62 orcs
  4 giant cockroaches
  2 goblins
  A hobgoblin (D:2)
  7 jackals
  3 kobolds (D:10)
  5 quokkas
  2 frilled lizards
  A leopard gecko zombie (D:5)
  A quokka skeleton (D:6)
  A rat (D:3)
280 creatures vanquished.

Vanquished Creatures (collateral kills)
  A manticore (D:12)
  A wight (D:12)
2 creatures vanquished.

Grand Total: 282 creatures vanquished

Notes
Turn   | Place    | Note
-------+----------+-------------------------------------------
     0 | D:1      | Flugslaktarn the Deep Dwarf Fighter began the quest for the
                  | Orb.
     0 | D:1      | Reached XP level 1. HP: 20/20 MP: 1/1
   261 | D:3      | Reached XP level 2. HP: 27/27 MP: 2/2
   380 | D:4      | Found an opulent altar of Gozag.
   416 | D:4      | Noticed a scorpion
   422 | D:4      | Killed a scorpion
   422 | D:4      | Reached skill level 3 in Axes
   422 | D:4      | Reached XP level 3. HP: 32/34 MP: 3/3
   422 | D:4      | Reached XP level 4. HP: 40/42 MP: 4/4
   548 | D:4      | Reached skill level 4 in Axes
   548 | D:4      | Reached XP level 5. HP: 29/49 MP: 5/5
   565 | D:4      | Noticed an ogre
   574 | D:4      | Killed an ogre
   577 | D:4      | Noticed an ogre
   583 | D:4      | Reached XP level 6. HP: 25/56 MP: 6/6
   604 | D:4      | Reached skill level 5 in Axes
   941 | D:4      | Found a glowing golden altar of the Shining One.
   946 | D:4      | Found a basalt altar of Yredelemnul.
   968 | D:4      | Noticed a profane servitor
  1163 | D:4      | Noticed an angel
  1186 | D:5      | Entered Level 5 of the Dungeon
  1188 | D:5      | Noticed Grinder
  1220 | D:5      | Killed Grinder
  1220 | D:5      | Reached skill level 5 in Armour
  1220 | D:5      | Reached skill level 5 in Shields
  1220 | D:5      | Reached XP level 7. HP: 40/64 MP: 6/6
  1267 | D:5      | Reached skill level 6 in Axes
  1514 | D:5      | Noticed Pikel
  1565 | D:5      | Killed Pikel
  1565 | D:5      | Reached skill level 5 in Fighting
  1565 | D:5      | Reached skill level 7 in Axes
  1565 | D:5      | Reached XP level 8. HP: 39/74 MP: 5/5
  1789 | D:5      | Found a staircase to the Ecumenical Temple.
  1802 | Temple   | Entered the Ecumenical Temple
  1809 | Temple   | Became a worshipper of Makhleb the Destroyer
  1937 | D:6      | Got a bloodstained cloak
  1993 | D:6      | Reached skill level 8 in Axes
  2006 | D:6      | Identified the +3 cloak of the Hart {MR+ Int+4 Dex+3
                  | Slay+2} (You found it on level 6 of the Dungeon)
  2089 | D:6      | Reached skill level 1 in Invocations
  2292 | D:6      | Gained mutation: You passively map the area around you.
                  | [Deep Dwarf growth]
  2292 | D:6      | Reached XP level 9. HP: 47/81 MP: 7/7
  3158 | D:7      | Reached * piety under Makhleb
  3571 | D:8      | Reached skill level 9 in Axes
  3661 | D:8      | Noticed a two-headed ogre
  3662 | D:8      | Noticed a white ugly thing
  3679 | D:8      | Killed a two-headed ogre
  3690 | D:8      | Killed a white ugly thing
  3695 | D:8      | Noticed a two-headed ogre
  3702 | D:8      | Killed a two-headed ogre
  3702 | D:8      | Reached skill level 10 in Axes
  3702 | D:8      | Reached skill level 5 in Invocations
  3702 | D:8      | Reached XP level 10. HP: 45/92 MP: 8/8
  3988 | D:8      | Found a runed translucent door.
  3990 | D:8      | Noticed Baboonidas's ghost (novice KoGl)
  4251 | D:9      | Noticed Harold
  4273 | D:9      | Killed Harold
  4313 | D:9      | Noticed Erica
  4324 | D:9      | Reached ** piety under Makhleb
  4334 | D:9      | Killed Erica
  4375 | D:9      | Reached skill level 11 in Axes
  4375 | D:9      | Reached skill level 10 in Armour
  4391 | D:9      | Reached XP level 11. HP: 83/99 MP: 8/8
  4452 | D:9      | Found a staircase to the Lair.
  4786 | D:9      | Reached *** piety under Makhleb
  4806 | D:9      | Found an ornate altar of the Wu Jian Council.
  4817 | D:9      | Noticed a two-headed ogre
  4824 | D:9      | Killed a two-headed ogre
  5357 | D:10     | Entered Level 10 of the Dungeon
  5519 | D:10     | Noticed a white ugly thing
  5541 | D:10     | Killed a white ugly thing
  5586 | D:10     | Found Telud's Antique Armour Boutique.
  5601 | D:10     | Reached **** piety under Makhleb
  5607 | D:10     | Bought a bloodstained chain mail for 275 gold pieces
  5617 | D:10     | Identified the cursed +1 chain mail of Doytwoed {MR+++
                  | Regen+ Str-4 Dex-2} (You bought it in a shop on level 10 of
                  | the Dungeon)
  5762 | D:10     | Reached skill level 12 in Axes
  6071 | D:11     | Killed an unseen horror
  6470 | D:11     | Found a shimmering altar of Xom.
  6513 | D:11     | Found a portal to a secret trove of treasure.
  6850 | D:11     | Noticed a green ugly thing
  6860 | D:11     | Killed a green ugly thing
  6933 | D:11     | Found Ruewkur's Antique Armour Emporium.
  6955 | D:12     | Noticed a white ugly thing
  6957 | D:12     | Noticed a two-headed ogre
  6970 | D:12     | Found a blossoming altar of Fedhas.
  6989 | D:12     | Reached ***** piety under Makhleb
  7053 | D:12     | Reached XP level 12. HP: 110/110 MP: 9/9
  7071 | D:12     | Noticed a two-headed ogre
  7106 | D:12     | Killed a two-headed ogre
  7108 | D:12     | Reached skill level 13 in Axes
  7120 | D:12     | Slain by a white ugly thing

Levels and vault maps discovered:
D:1:      ncdulo_lavacross, layout_basic, lemuel_old_faithful
D:2:      layout_loops_cross, first_ration
D:3:      layout_loops_ring, elyvilon_altar_5,
          chequers_ecumenical_altar_simple_redux, minmay_joined_circles
D:4:      layout_basic, grunt_temple_overflow_holy_war, marbit_many_paths
D:5:      cheibrodos_fzero, layout_cave_pools, minmay_temple_entry_fiery,
          chequers_serial_rivers_small_a, minmay_manual_mess, uniq_pikel,
          uniq_grinder
D:6:      layout_layer_cave
D:7:      layout_basic, serial_curves, eino_curves_02, eino_curves_01,
          eino_curves_02, eino_curves_01, the_bakery
D:8:      minmay_curly_fans, layout_basic, gammafunk_ghost_grave
D:9:      layout_stronghold, dpeg_oklobed_lair, basic_altar, uniq_erica,
          uniq_harold
D:10:     layout_roguey, serial_shops, nicolae_shop_overgrown_old_shop
D:11:     layout_loops_corners, basic_altar, serial_shops,
          nicolae_shop_behind_doors, enter_trove_6, minmay_fractal_squares_5
D:12:     layout_long_grid, erik_orc_2, basic_altar
Temple:   nicolae_temple_no_exploring_needed

Skill      XL: |  1  2  3  4  5  6  7  8  9 10 11 12 |
---------------+-------------------------------------+-----
Fighting       | 3 4 5 6 7 8 |  8.3
Axes           | 3 4 5 7 8 10 11 12 13 | 13.0
Armour         | 4 5 6 9 10 11 12 | 12.1
Shields        | 4 5 6 7 8 9 |  9.8
Invocations    | 2 5 6 8 9 |  9.1

Action                   |  1- 3 |  4- 6 |  7- 9 | 10-12 || total
-------------------------+-------+-------+-------+-------++-------
Melee: War axe           |    31 |   140 |   320 |   513 ||  1004
Invok: Lesser Servant of |       |       |       |     3 ||     3
 Abil: Heal Wounds       |     1 |     7 |    15 |    19 ||    42
  Use: Potion            |       |       |     1 |     1 ||     2
       Scroll            |       |       |       |    14 ||    14
  Eat: Chunk             |       |     1 |     9 |     9 ||    19
       Ration            |       |       |       |     1 ||     1
Armor: Scale mail        |     8 |    69 |   161 |    51 ||   289
       Skin              |       |       |       |    18 ||    18
       Chain mail        |       |       |       |   245 ||   245
Dodge: Dodged            |     6 |    41 |   123 |   194 ||   364
Block: Kite shield       |    18 |    77 |   200 |   440 ||   735

Table legend:
 A = Non-vault XP
 B = Vault XP
 C = Vault XP percentage of total XP
 D = Non-vault monster count
 E = Vault monster count
 F = Vault count percentage of total count
                 A         B        C        D         E       F
            +---------+---------+-------+---------+---------+-------
      Total |   18083 |    6361 |  26.0 |     235 |      43 |  15.5
            +---------+---------+-------+---------+---------+-------
        D:1 |       6 |       0 |   0.0 |       2 |       0 |   0.0
        D:2 |       3 |       0 |   0.0 |       2 |       0 |   0.0
        D:3 |       3 |       0 |   0.0 |       2 |       0 |   0.0
        D:4 |     559 |      14 |   2.4 |      21 |       1 |   4.5
        D:5 |     210 |    1463 |  87.4 |      11 |      16 |  59.3
        D:6 |     632 |       0 |   0.0 |      22 |       0 |   0.0
        D:7 |     616 |     196 |  24.1 |      19 |       1 |   5.0
        D:8 |    1686 |    1487 |  46.9 |      15 |       3 |  16.7
        D:9 |    5093 |    1882 |  27.0 |      45 |       2 |   4.3
       D:10 |    2944 |       0 |   0.0 |      37 |       0 |   0.0
       D:11 |    2646 |     907 |  25.5 |      16 |       6 |  27.3
       D:12 |    3685 |     412 |  10.1 |      43 |      14 |  24.6
            +---------+---------+-------+---------+---------+-------
